 Dungeon Crawl Stone Soup version 0.25.1-2-g60ff931df9 (webtiles) character file.

Game seed: 4158794456511888165

148 Acheron the Insei (level 5, -6/41 HPs)
             Began as a Draconian Transmuter on Nov 11, 2020.
             Mangled by an ogre
             ... wielding a cursed -3 giant club
              (18 damage)
             ... on level 3 of the Dungeon.
             The game lasted 00:09:41 (2731 turns).

Acheron the Insei (Draconian Transmuter)            Turns: 2731, Time: 00:09:42

Health: -6/41      AC:  6    Str: 12    XL:     5   Next: 8%
Magic:  9/9        EV: 10    Int: 14    God:
Gold:   106        SH:  0    Dex: 12    Spells: 8/9 levels left

rFire    . . .     SeeInvis .   d - +1 spear (vorpal)
rCold    . . .     Gourm    .   (no shield)
rNeg     . . .     Faith    .   (armour unavailable)
rPois    .         Spirit   .   e - +1 hat
rElec    .         Reflect  .   (no cloak)
rCorr    .         Harm     .   (no gloves)
MR       .....                  (no boots)
Stlth    ++........             (no amulet)
HPRegen  0.13/turn              (no ring)
MPRegen  0.11/turn              (no ring)

@: constricted
A: unfitting armour, cold-blooded, AC +5
a: no special abilities


You were on level 3 of the Dungeon.
You were not hungry.

You visited 1 branch of the dungeon, and saw 3 of its levels.

You collected 106 gold pieces.

Inventory:

Hand Weapons
 b - a +0 short sword
 d - a +1 vorpal spear (weapon)
 i - a +1 dagger of electrocution
 j - a +0 mace of draining
 m - a cursed -2 whip
Missiles
 a - 28 arrows
 f - 45 sling bullets
 o - 23 stones (quivered)
Armour
 e - a +1 hat (worn)
Scrolls
 g - 4 scrolls of remove curse
Potions
 h - 2 potions of curing {unknown}
 l - a potion of haste {unknown}
Comestibles
 c - 3 rations
 n - 6 chunks of flesh


   Skills:
 * Level 2.0 Fighting
 + Level 0.4 Short Blades
 + Level 1.0 Polearms
 * Level 2.7 Dodging
 * Level 1.5 Stealth
 + Level 3.4 Unarmed Combat
 * Level 2.7 Spellcasting
 * Level 2.5 Transmutations


You had 8 spell levels left.
You knew the following spells:

 Your Spells              Type           Power        Failure   Level  Hunger
a - Beastly Appendage     Tmut           #.....       8%          1    #......

Your spell library contained the following spells:

 Spells                   Type           Power        Failure   Level  Hunger
 Sticks to Snakes         Tmut           #.......     12%         2    ###....
 Spider Form              Tmut/Pois      #.........   36%         3    ###....
 Ice Form                 Ice/Tmut       #.......     78%         4    #####..
 Blade Hands              Tmut           #.........   91%         5    ######.


Dungeon Overview and Level Annotations

Branches:
Dungeon (3/15)

Altars:
Makhleb
Vehumet
Zin

Annotations:
D:2 exclusion: downstairs


Innate Abilities, Weirdness & Mutations

Your plain brown scales are hard. (AC +5)
You cannot fit into any form of body armour.
You are cold-blooded and may be slowed by cold attacks.


Message History

You escape the ball python's grasp.
The ball python barely misses you. The ball python misses you.
The ball python misses you. The ball python barely misses you.
The orc hits you with a +0 hand axe. The ball python closely misses you.
The ball python grabs you. The ball python constricts you.
The ball python's grasp on you weakens, but your attempt to escape fails.
The ball python closely misses you.
The ball python bites you but does no damage.
The ball python constricts you. The orc closely misses you.
The ball python's grasp on you weakens, but your attempt to escape fails.
The ball python barely misses you.
The ball python bites you but does no damage.
The ball python constricts you.
As you read the scroll labeled DUNAMI LEBAI, it crumbles to dust.
It is a scroll of enchant armour.
Your +0 hat glows green for a moment.
The ball python barely misses you. x2
* * * LOW HITPOINT WARNING * * *
The ball python constricts you.
The ogre hits you with a cursed -3 giant club!!
You die...

..................
......?....$..... .
_..................
...............#..
..............$.
..##........#.# .
##.....# . ##
#...## .# ##### ##


You could see an ogre, 5 orcs, 2 ball pythons and a rat (asleep).

Vanquished Creatures
  Natasha (thrice) (D:2)
  3 adders (D:2)
  An ooze (D:2)
  A leopard gecko (D:3)
  An orc (D:3)
  6 bats
  2 giant cockroaches (D:1)
  5 goblins
  3 hobgoblins
  2 jackals (D:2)
  2 quokkas (D:2)
  3 frilled lizards
  2 kobolds (D:1)
  10 rats
44 creatures vanquished.

Notes
Turn   | Place    | Note
-------+----------+-------------------------------------------
     0 | D:1      | Acheron the Draconian Transmuter began the quest for the
                  | Orb.
     0 | D:1      | Reached XP level 1. HP: 16/16 MP: 3/3
   250 | D:1      | Reached XP level 2. HP: 22/23 MP: 5/5
   762 | D:2      | Noticed Natasha
   954 | D:2      | Found a burning altar of Makhleb.
   962 | D:2      | Found a radiant altar of Vehumet.
  1014 | D:2      | Noticed a crimson imp
  1038 | D:2      | Killed Natasha
  1038 | D:2      | Reached XP level 3. HP: 7/28 MP: 6/6
  1238 | D:2      | Noticed Natasha
  1662 | D:2      | Killed Natasha
  1662 | D:2      | Reached skill level 1 in Stealth
  1662 | D:2      | Reached XP level 4. HP: 23/36 MP: 7/7
  1842 | D:3      | Found a glowing silver altar of Zin.
  1852 | D:3      | Noticed an ogre
  1966 | D:2      | Noticed Natasha
  1980 | D:2      | Killed Natasha
  2654 | D:2      | Reached XP level 5. HP: 40/41 MP: 7/9
  2721 | D:3      | Reached skill level 1 in Polearms
  2731 | D:3      | Mangled by an ogre

Illustrated notes

Levels and vault maps discovered:
D:1:      shiori_arrival_elements, layout_basic, hex_tiny,
          chequers_hall_statues_corner_a
D:2:      layout_basic, amethyst_overflow_temple_binary, uniq_natasha
D:3:      layout_rooms, grunt_temple_overflow_open, first_ration, uniq_robin,
          uniq_sigmund

Skill      XL: |  1  2  3  4  5 |
---------------+----------------+-----
Dodging        | 2 |  2.7
Stealth        | 1 |  1.5
Fighting       | 2 |  2.0
Polearms       | 1 |  1.0
Short Blades   | |  0.4
Unarmed Combat | |  3.4
Spellcasting   | |  2.7
Transmutations | |  2.5

Action                   |  1- 3 |  4- 6 || total
-------------------------+-------+-------++-------
Melee: Short sword       |    37 |       ||    37
       Unarmed           |     5 |       ||     5
       Tailslap          |    10 |     5 ||    15
       Spear             |    29 |    88 ||   117
       Punch             |     1 |       ||     1
  Use: Scroll            |     2 |     1 ||     3
 Stab: Sleeping          |     1 |     3 ||     4
  Eat: Ration            |     1 |     1 ||     2
Armor: Skin              |    23 |    32 ||    55
Dodge: Dodged            |    60 |    76 ||   136
